Map: Ephemeron LE

Players

topher - Winner!

  • Race: Protoss Protoss
  • League: Platinum
  • Spawn Location: 11:00

pHARM

  • Race: Zerg Zerg
  • League: Platinum
  • Spawn Location: 5:00

VOD

Have the link to the VOD?

Description

Time

  • Played on: Sept. 1, 2019, 8:04 a.m.
  • Length: 22:35
Show
View Real Time Build Order
Export as new Build Order

topher Protoss - Winner!

Build Orders: 1 Gate Expand 

Get SALT Encoding   

  12  0:01  Probe  
  13  0:13  Probe  
  14  0:20  Pylon  
  14  0:25  Probe  
  15  0:34  Probe  
  15  0:40  Gateway  
  16  0:43  Probe  
  17  0:53  Probe  
  18  1:05  Probe  
  19  1:14  Assimilator  
  19  1:27  Nexus  
  19  1:37  Cybernetics Core  
  20  1:40  Probe  
  20  1:47  Pylon  
  20  1:56  Probe  
  20  2:01  Assimilator  
  21  2:11  Probe  
  22  2:18  Adept  
  24  2:23  Probe  
  25  2:31  Warp Gate  
  25  2:35  Probe  
  26  2:42  Pylon, Probe  
  27  2:51  Probe  
  27  2:53  Adept  
  27  2:57  Probe  
  28  2:59  Probe  
  28  3:05  Probe  
  32  3:08  Probe  
  34  3:13  Twilight Council, Probe  
  35  3:20  Probe  
  35  3:25  Probe  
  37  3:27  Assimilator  
  37  3:31  Resonating Glaives, Adept  
  37  3:33  Probe  
  40  3:37  Probe  
  41  3:45  Gateway, Probe  
  41  3:47  Pylon  
  42  3:49  Probe  
  43  3:57  Probe  
  43  4:01  Probe  
  45  4:24  Gateway  
  45  4:26  Gateway  
  45  4:28  Gateway  
  45  4:31  Gateway, Probe  
  46  4:32  Probe  
  46  4:33  Gateway  
  47  4:43  Probe  
  47  4:44  Probe  
  47  4:45  Adept x2  
  51  4:46  Pylon  
  51  4:49  Pylon  
  53  5:07  Adept  
  53  5:08  Adept  
  57  5:21  Adept  
  59  5:25  Adept x2  
  59  5:57  Stalker x5  
  59  5:58  Stalker x2  
  61  6:21  Stalker  
  61  6:22  Stalker x3  
  61  6:23  Robotics Facility, Stalker x3  
  61  6:25  Nexus, Robotics Facility  
  75  6:34  Forge  
  75  6:35  Forge  
  75  6:37  Pylon  
  75  6:38  Protoss Ground Weapons Level 1  
  75  6:40  Pylon  
  75  6:42  Pylon  
  75  6:46  Sentry  
  77  6:48  Protoss Ground Armor Level 1  
  77  6:55  Sentry  
  77  6:56  Sentry x3  
  85  7:03  Assimilator  
  85  7:19  Immortal  
  85  7:26  Immortal  
  93  7:44  Probe x3  
  96  7:58  Immortal  
  96  8:03  Charge  
  104  8:05  Immortal, Zealot  
  104  8:06  Zealot x5  
  116  8:32  Robotics Bay  
  116  8:38  Probe  
  117  8:43  Pylon  
  117  8:45  Pylon  
  117  8:55  Immortal  
  117  8:59  Templar Archives, Pylon  
  117  9:01  Observer, Pylon, Probe x3  
  125  9:04  Pylon, Assimilator  
  125  9:08  Assimilator  
  125  9:13  Probe x3  
  125  9:15  Observer  
  128  9:19  Psionic Storm  
  129  9:24  Extended Thermal Lance  
  129  9:29  Colossus  
  129  9:31  Probe  
  129  9:32  Probe  
  129  9:33  Probe  
  138  9:59  High Templar  
  140  10:00  High Templar  
  142  10:13  Protoss Ground Weapons Level 2  
  142  10:14  Colossus  
  142  10:15  Colossus  
  142  10:20  Protoss Ground Armor Level 2  
  142  10:24  Nexus  
  142  10:25  Pylon  
  154  10:36  Assimilator  
  154  10:40  Assimilator  
  154  10:48  Zealot x2  
  154  10:49  Zealot x3  
  107  11:42  Colossus x2  
  119  11:52  Zealot x3  
  119  11:53  Zealot x4  
  125  12:16  Zealot x5  
  125  12:17  Zealot x2  
  125  12:22  Nexus  
  139  12:25  Pylon  
  139  12:26  Pylon  
  139  12:35  Colossus  
  139  12:36  Colossus  
  133  13:06  Protoss Ground Weapons Level 3  
  133  13:13  High Templar x6  
  133  13:19  Colossus x2  
  145  13:20  Stargate  
  145  13:24  Blink  
  145  13:25  Protoss Ground Armor Level 3  
  145  13:34  Probe, Assimilator  
  157  13:38  Assimilator  
  158  13:46  Probe  
  159  13:56  Stalker x2  
  159  13:57  Stalker  
  159  13:58  Probe, High Templar  
  159  13:59  Stalker  
  136  14:13  Observer  
  107  14:20  Stalker x3  
  107  14:21  Stalker x2  
  109  14:26  Immortal  
  109  14:31  Void Ray  
  113  14:32  Stalker  
  113  14:35  Immortal  
  119  14:45  Probe  
  124  14:53  Probe  
  124  14:54  Stalker x3  
  124  14:55  Stalker x3  
  137  15:03  Probe, High Templar  
  140  15:15  Probe  
  140  15:17  Protoss Air Weapons Level 1  
  140  15:19  Cybernetics Core  
  141  15:23  Zealot  
  141  15:24  Zealot x5  
  141  15:27  Probe  
  126  15:53  Stalker x3  
  126  15:54  Stalker x4  
  94  16:16  Protoss Shields Level 1  
  90  16:20  Stalker x6  
  90  16:21  Stalker  
  90  16:25  Probe  
  105  16:33  Probe  
  105  16:36  Void Ray  
  110  16:43  Probe  
  111  16:55  Probe  
  112  17:07  Probe  
  113  17:10  Void Ray  
  117  17:26  Protoss Air Armor Level 1  
  117  17:32  Nexus  
  117  17:36  Pylon  
  117  17:38  Fleet Beacon  
  117  17:43  Stalker  
  117  17:44  Stalker x5  
  123  17:45  Stalker  
  123  17:47  Stargate  
  131  17:51  Assimilator  
  131  17:54  Observer  
  131  17:55  Colossus  
  131  17:56  Assimilator  
  106  19:13  Stalker x6  
  106  19:14  Stalker  
  118  19:37  Stalker x4  
  118  19:38  Stalker x3  
  132  19:53  Nexus  
  100  20:15  Stalker x2  
  100  20:16  Stalker x5  
  92  20:55  Stalker x4  
  96  20:59  Immortal, Colossus  
  96  21:02  Void Ray x2  
  108  21:22  Stalker x5  
  108  21:23  Stalker x2  
  108  21:46  Stalker x4  
  108  21:47  Stalker x3  
  116  22:11  Zealot x6  
  116  22:12  Zealot  
Show
View Real Time Build Order
Export as new Build Order

pHARM Zerg 

Build Orders: Hatch First, Roach Hydra 

Get SALT Encoding   

  12  0:01  Drone  
  13  0:21  Overlord  
  13  0:24  Drone  
  14  0:40  Drone x2  
  16  0:51  Hatchery  
  15  1:05  Drone x2  
  15  1:07  Drone  
  18  1:33  Drone  
  18  1:34  Drone  
  20  1:40  Spawning Pool  
  20  1:41  Drone  
  20  1:52  Drone  
  21  1:56  Extractor  
  20  2:06  Drone x2  
  22  2:14  Drone  
  23  2:22  Drone x2  
  25  2:27  Queen  
  25  2:29  Overlord  
  27  2:47  Drone, Queen  
  27  2:48  Drone x3  
  33  2:59  Drone x2  
  35  3:07  Drone  
  35  3:09  Hatchery  
  35  3:13  Metabolic Boost  
  35  3:18  Drone  
  35  3:19  Overlord x2  
  36  3:38  Drone x5  
  41  3:42  Lair  
  41  3:53  Extractor  
  41  3:54  Extractor  
  39  3:55  Evolution Chamber  
  39  3:58  Evolution Chamber  
  39  4:01  Roach Warren  
  33  4:13  Drone x11  
  44  4:22  Queen  
  46  4:33  Drone x2  
  46  4:34  Drone  
  49  4:42  Glial Reconstitution  
  49  4:44  Zerg Missile Weapons Level 1  
  49  5:03  Zerg Ground Armor Level 1  
  49  5:06  Queen  
  51  5:07  Overlord  
  51  5:08  Overlord x5  
  51  5:13  Roach x3  
  57  5:28  Roach x6  
  67  5:39  Roach x2  
  67  5:40  Roach x5  
  79  6:19  Queen  
  81  6:29  Roach x6  
  81  6:30  Roach x3  
  99  6:49  Extractor  
  99  6:52  Hydralisk Den  
  99  6:53  Infestation Pit  
  96  7:10  Drone x3  
  96  7:11  Drone x7  
  96  7:12  Overlord x3  
  106  7:17  Zerg Missile Weapons Level 2  
  106  7:18  Zerg Ground Armor Level 2  
  106  7:42  Spine Crawler  
  106  7:43  Spore Crawler, Drone, Spine Crawler  
  106  7:44  Drone x10  
  111  7:47  Overlord x5  
  114  8:07  Extractor  
  114  8:09  Extractor  
  112  8:26  Hatchery  
  111  8:37  Drone x4  
  111  8:40  Roach x3  
  121  8:42  Hydralisk x9  
  121  8:43  Hydralisk x2  
  121  8:47  Grooved Spines  
  143  9:31  Spire  
  143  9:33  Hive  
  142  9:40  Zerg Melee Weapons Level 1  
  142  9:52  Overlord x2, Hydralisk x12  
  144  9:53  Hydralisk  
  144  9:58  Muscular Augments  
  168  10:28  Hydralisk  
  168  10:29  Hydralisk x7  
  168  10:31  Overlord  
  168  10:32  Overlord x8  
  184  10:45  Greater Spire  
  140  11:34  Roach x18  
  140  11:35  Roach x4, Hydralisk x4  
  140  11:36  Hydralisk  
  194  11:42  Overlord x3  
  146  12:11  Roach x2  
  146  12:12  Roach x12  
  174  12:21  Zerg Flyer Armor Level 1  
  174  12:22  Corruptor x5, Extractor  
  175  12:27  Extractor  
  174  12:50  Corruptor x5  
  173  13:03  Drone  
  173  13:04  Drone x13  
  187  13:28  Brood Lord  
  187  13:29  Brood Lord x3  
  159  14:22  Roach  
  159  14:23  Roach x19  
  197  14:42  Zerg Flyer Armor Level 2  
  197  15:07  Brood Lord  
  197  15:12  Zerg Melee Weapons Level 2, Hatchery  
  197  15:13  Zerg Ground Armor Level 3  
  178  15:48  Corruptor x15  
  112  16:16  Corruptor  
  112  16:17  Corruptor x7  
  116  16:30  Drone  
  116  16:31  Drone x9  
  126  16:41  Extractor  
  126  16:45  Extractor  
  124  16:56  Brood Lord x5  
  134  17:08  Brood Lord  
  127  17:32  Hatchery  
  127  17:34  Drone x2  
  127  17:35  Drone  
  129  17:43  Brood Lord x2, Corruptor  
  129  17:44  Corruptor x2  
  139  17:56  Zerg Melee Weapons Level 3  
  108  19:03  Roach x11  
  108  19:04  Roach x12  
  142  19:13  Roach  
  106  20:00  Roach  
  106  20:01  Roach x8  
  106  20:06  Extractor  
  99  20:08  Extractor  
  69  20:28  Roach x2  
  69  20:29  Roach x4  
  79  20:37  Roach x3  
  79  20:39  Hatchery  
  84  20:44  Roach x4  
  88  21:13  Hatchery  
  81  21:39  Roach  
  77  21:40  Roach x4  
Tags
 
Add a new tag
Caveats
  • Supply blocks, unpowered buildings, or Contaminate may cause inaccurate times.
  • Supply counts are checked every 10 seconds.